 Dungeon Crawl Stone Soup version 0.14-a0-1974-gdb6e453 (webtiles) character file.

176 Kae the Sneak (level 4, -3/21 HPs)
             Began as a Spriggan Enchanter on Jan 17, 2014.
             Slain by a kobold
             ... wielding a +2,+0 dagger of chaos
              (4 damage)
             ... while paralysed by a kobold
             ... on Level 2 of the Dungeon.
             The game lasted 00:03:07 (1919 turns).

Kae the Sneak (Spriggan Enchanter)                  Turns: 1919, Time: 00:03:08

HP  -3/21        AC  3     Str  5      XL: 4   Next: 30%
MP  13/13        EV  4     Int 16      God:
Gold 88          SH  0     Dex 16      Spells:  2 memorised,  6 levels left

rFire  . . .     SeeInvis +     a - +1 dagger
rCold  . . .     Clarity  .     b - +1 robe
rNeg   . . .     Conserve .     (shield restricted)
rPois  .         rCorr    .     (helmet restricted)
rElec  .         rRot     .     (no cloak)
SustAb . .       Spirit   .     (gloves unavailable)
rMut   .         Warding  .     (boots unavailable)
Saprov . . .     Stasis   .     (no amulet)
MR     .....                    (no ring)
                                (no ring)

@: paralysed, mildly poisoned, very quick, not resistant to hostile
enchantments, quite stealthy
A: unfitting armour, see invisible, herbivore 3, speed 3, slow metabolism 2
a: no special abilities


You were on level 2 of the Dungeon.
You were not hungry.

You visited 1 branch of the dungeon, and saw 2 of its levels.

You collected 88 gold pieces.

Inventory:

Hand weapons
 a - a +1,+1 dagger (weapon)
Missiles
 d - 12 darts (quivered)
Armour
 b - a +1 robe (worn)
Comestibles
 o - a bread ration
Scrolls
 f - 2 scrolls of magic mapping {unknown}
 h - a scroll of curse weapon {unknown}
 m - 3 scrolls of identify {unknown}
 s - 2 scrolls of remove curse
 u - a scroll of curse jewellery {unknown}
Jewellery
 g - an uncursed ring of teleportation
 i - a +5 ring of protection {unknown}
 j - a +6,+4 ring of slaying {unknown}
 q - an uncursed amulet of rage {unknown}
Potions
 e - 2 potions of porridge
 k - a potion of brilliance {unknown}
 l - 2 potions of curing {unknown}
 n - a potion of agility {unknown}
 p - a potion of heal wounds {unknown}
 r - a potion of poison {unknown}
 t - a potion of invisibility {unknown}
 v - a potion of might {unknown}
Books
 c - a book of Maledictions

   Spells                             Type                      Level
   *Corona                            Hexes                        1
   Sure Blade                         Hexes/Charms                 2
   *Ensorcelled Hibernation           Hexes/Ice                    2
   Confuse                            Hexes                        3
   Enslavement                        Hexes                        4
   Invisibility                       Hexes                        6


   Skills:
 * Level 2.8 Short Blades
 - Level 1.1 Throwing
 - Level 3.0 Dodging
 * Level 5.1 Stealth
 + Level 3.0 Spellcasting
 + Level 4.1 Hexes


You had 6 spell levels left.
You knew the following spells:

 Your Spells              Type           Power        Failure   Level  Hunger
a - Corona                Hex            ###....      4%          1    #......
b - Ensorcelled Hibernat  Hex/Ice        #.....       14%         2    ##.....


Dungeon Overview and Level Annotations

Branches:
Dungeon (2/16)

Altars:
Xom


Innate Abilities, Weirdness & Mutations

You are tiny and cannot use many weapons and most armour.
You have supernaturally acute eyesight.
You are a herbivore.
You cover ground extremely quickly.
You need consume almost no food.


Message History

You spend a moment contemplating the meaning of life.
A kobold is nearby!
The kobold hits you but does no damage.
You suddenly lose the ability to move!
Found a shimmering altar of Xom.
The kobold hits you with a dagger of chaos.
You are poisoned.
The kobold hits you but does no damage.
You feel sick.
The kobold hits you with a dagger of chaos.
You feel sick. The kobold hits you but does no damage.
You are electrocuted!
Ouch! That really hurt!
* * * LOW HITPOINT WARNING * * *
The kobold hits you with a dagger of chaos.
* * * LOW HITPOINT WARNING * * *
The kobold freezes you.
* * * LOW HITPOINT WARNING * * *
* * * LOW HITPOINT WARNING * * *
You feel sick.
The kobold hits you with a dagger of chaos.
You die...

#.# #.##......#.####.# #..### #.#
#.#######......#.# #.. #.# #.#
#.#.##.#.# #..# #.######.####
#.#.##.#.# #..# #...........#
#.#.##.#.####.. ## #...........#
#.#.##.#.#..... #. #...........#
#.#......#.##.####
.......##############.#...##.#...
#......#_...ยงยง.K@..........#.#.##
.%..#..###########.##.#.##.#.#...
..#.#.#...%....#.#....#.##.#.####
..#.#..........#.#...............
..#.###........#.#.####..........
.##.# #........#.................
....###........###.#########.####
.........(.....# #.#.............
.......<.......# #.#.#######.####


You could see a kobold.

Vanquished Creatures
  4 gnolls (D:2)
  An adder (D:2)
  A worm (D:2)
  4 bats
  4 goblins
  4 hobgoblins (D:1)
  4 kobolds
  A quokka (D:2)
  2 giant cockroaches
  6 giant newts
  4 jackals (D:1)
  8 rats
43 creatures vanquished.

Notes
Turn   | Place    | Note
--------------------------------------------------------------
     0 | D:1      | Kae, the Spriggan Enchanter, began the quest for the Orb.
     0 | D:1      | Reached XP level 1. HP: 9/9 MP: 4/4
   345 | D:1      | Reached XP level 2. HP: 5/13 MP: 7/7
   535 | D:1      | Learned a level 2 spell: Ensorcelled Hibernation
   694 | D:1      | Reached skill level 4 in Stealth
  1137 | D:2      | Reached XP level 3. HP: 16/16 MP: 3/9
  1481 | D:2      | Reached skill level 5 in Stealth
  1481 | D:2      | Reached XP level 4. HP: 21/21 MP: 0/12
  1913 | D:2      | Found a shimmering altar of Xom.
  1913 | D:2      | Paralysed by a kobold for 6 turns
  1919 | D:2      | HP: 1/21 [poisoned by a kobold]
  1919 | D:2      | Slain by a kobold

Action                   |  1- 3 |  4- 6 || total
-------------------------+-------+-------++-------
Melee: Dagger            |    94 |    35 ||   129
 Cast: Corona            |     1 |       ||     1
       Ensorcelled Hiber |    19 |     1 ||    20
  Use: Scroll            |     2 |       ||     2
 Stab: Sleeping          |    14 |     2 ||    16
